 Dungeon Crawl Stone Soup version 0.20-a0-909-g1a4ba80 (webtiles) character file.

50 galech the Skirmisher (level 3, -4/41 HPs)
             Began as an Ogre Fighter on Mar 4, 2017.
             Slain by a hobgoblin (5 damage)
             ... led by Robin
             ... on level 2 of the Dungeon on Mar 22, 2017.
             The game lasted 00:02:47 (701 turns).

galech the Skirmisher (Ogre Fighter)                 Turns: 701, Time: 00:02:48

Health: -4/41      AC:  3    Str: 26    XL:     3   Next: 79%
Magic:  3/3        EV:  8    Int:  9    God:
Gold:   22         SH:  9    Dex:  8    Spells: 2/2 levels left

rFire    . . .     SeeInvis .   a - +0 flail
rCold    . . .     Gourm    .   b - +0 robe
rNeg     . . .     Faith    .   c - +0 shield
rPois    .         Spirit   .   (helmet restricted)
rElec    .         Reflect  .   (no cloak)
rCorr    .         Harm     .   (gloves unavailable)
MR       .....                  (boots unavailable)
Stlth    +.........             (no amulet)
Regen    0.2/turn               (no ring)
MPRegen  0.1/turn               (no ring)

@: mighty
A: unfitting armour, tough skin 1
a: no special abilities


You were on level 2 of the Dungeon.
You were not hungry.

You visited 1 branch of the dungeon, and saw 2 of its levels.

You collected 22 gold pieces.

Inventory:

Hand Weapons
 a - a +0 flail (weapon)
Armour
 b - a +0 robe (worn)
 c - a +0 shield (worn)
Scrolls
 e - a scroll of blinking {unknown}
 j - 2 scrolls of amnesia {unknown}
 l - a scroll of immolation {unknown}
Potions
 h - a potion of heal wounds {unknown}
 i - a potion of curing {unknown}
 k - a potion of berserk rage {unknown}
 m - a potion of mutation {unknown}
Comestibles
 f - 3 bread rations
 g - 3 chunks of flesh


   Skills:
 + Level 4.9 Fighting
 + Level 2.2 Maces & Flails
 + Level 3.0 Dodging
 - Level 3.0 Shields


You had 2 spell levels left.
You didn't know any spells.

Dungeon Overview and Level Annotations

Branches:
Dungeon (2/15)

Altars:

Annotations:
D:2 Natasha, Robin, Terence


Innate Abilities, Weirdness & Mutations

You are too large for most types of armour.
You have tough skin. (AC +1)


Message History

The crimson imp hits the plant but does no damage.
The goblin hits you.
* * * LOW HITPOINT WARNING * * *
Robin throws the goblin at you! The goblin hits you.
* * * LOW HITPOINT WARNING * * *
The goblin hits you.
* * * LOW HITPOINT WARNING * * *
You block the goblin's attack.
The hobgoblin hits you but does no damage.
The hobgoblin hits the plant with a club.
You bludgeon the goblin!!
You kill the goblin!
The hobgoblin no longer looks unusually strong.
The goblin hits you.
* * * LOW HITPOINT WARNING * * *
The goblin splashes around in the water.
You block the goblin's attack.
The hobgoblin hits the plant but does no damage.
The hobgoblin hits you.
You die... ##...#. #..... #..... ...g5 ###.5g# #≈PPPg# #.≈≈Pg## #PPPg@g#

#.PPgP≈# #.PP♣≈≈##
#...≈≈P≈###P.≈
#.#PP≈≈P#≈P.≈≈
#.#PP♣≈P.≈PP♣ P..
#....P♣PPPP≈ ≈PP$ #
###.PP≈♣♣P♣♣≈≈≈#
#♣P♣###.#P≈≈≈♣≈≈≈.≈##


You could see Robin, a crimson imp, a shadow imp, 3 hobgoblins and 3 goblins.

Vanquished Creatures
  An adder (D:2)
  An ooze (D:1)
  2 leopard geckos (D:1)
  4 bats (D:1)
  2 giant cockroaches (D:1)
  4 hobgoblins
  3 jackals (D:1)
  4 frilled lizards (D:1)
  5 goblins
  7 kobolds
  3 rats (D:1)
36 creatures vanquished.

Notes
Turn   | Place    | Note
-------+----------+-------------------------------------------
     0 | D:1      | galech the Ogre Fighter began the quest for the Orb.
     0 | D:1      | Reached XP level 1. HP: 24/24 MP: 1/1
     0 | D:1      | Upgraded the game from 0.20-a0-809-gaf7f668 to 0.20-a0-909-g1a4ba80
    79 | D:1      | Reached XP level 2. HP: 12/32 MP: 2/2
   339 | D:1      | Reached XP level 3. HP: 31/40 MP: 3/3
   665 | D:2      | Noticed Terence
   686 | D:2      | Noticed Robin
   689 | D:2      | Noticed Natasha
   701 | D:2      | HP: 1/41 [goblin[Robin] (4)]
   701 | D:2      | Slain by a hobgoblin

Vault maps used:
D:1:      dpeg_arrival_chase
D:2:      first_bread, serial_bayou, serial_bayou_shore_b, serial_bayou_shore_b,
          serial_bayou_lagoon_a, serial_bayou_pond_d, trog_book, uniq_terence,
          uniq_robin, uniq_natasha

Skill      XL: |  1  2  3 |
---------------+----------+-----
Maces & Flails | 2 |  2.2
Shields        | 3 |  3.0
Dodging        | 3 |  3.0
Fighting       | |  4.9

Action                   || total
-------------------------++-------
Melee: Flail             ||    99
  Use: Potion            ||     1
Armor: Robe              ||    28
Dodge: Dodged            ||    39
Block: Shield            ||    53
